cohdb
Replays
Latest Replays
All Replays
Popular Replays
Top Player Replays
Match Explorer
How It Works
Community
CoH3 Stats
Reddit
Sign in to upload your games and track your stats! →
Sign in with Steam
Match 47386036
Unlisted
Match 47386036
Overview
Messages
Build Orders
End
Selects Australian Defense Battlegroup
Selects Australian Light Infantry Section
Australian Light Infantry Section
Australian Light Infantry Section
Australian Light Infantry Section
Australian Light Infantry Section
Construct Section Command Post
Construct Field Infirmary
Construct Platoon Command Post
Selects CMP 15cwt Supply Run
Selects Artillery Trip Wire Flares
Humber Armored Car
ConcernedApe
badiba
mariopl97
JBQuib
0
0
Comments
sign in to comment!
No comments posted yet!